 Dungeon Crawl Stone Soup version 0.27.0-1-g7a089689b8 (webtiles) character file.

Game seed: 11400717888170867758

53 seveneves the Covered (level 3, -5/33 HPs)
             Began as a Minotaur Fighter on Aug 2, 2021.
             Slain by a sky beast (6 damage)
             ... on level 3 of the Dungeon.
             The game lasted 00:03:39 (1021 turns).

seveneves the Covered (Minotaur Fighter)            Turns: 1021, Time: 00:03:39

Health: -5/33      AC:  7    Str: 21    XL:     3   Next: 64%
Magic:  2/2        EV:  7    Int:  5    God:
Gold:   94         SH:  9    Dex:  9    Spells: 2/2 levels left

rFire    . . .     SeeInvis .   h - +0 mace (vorpal)
rCold    . . .     Faith    .   c - +0 kite shield
rNeg     . . .     Spirit   .   b - +0 scale mail
rPois    .         Reflect  .   (helmet restricted)
rElec    .         Harm     .   (no cloak)
rCorr    .         Rampage  .   (no gloves)
Will     .....                  (no boots)
Stlth    ..........             (no amulet)
HPRegen  0.11/turn              (no ring)
MPRegen  0.08/turn              (no ring)

@: no status effects
A: horns 2, retaliatory headbutt
a: no special abilities


You were on level 3 of the Dungeon.
You visited 1 branch of the dungeon, and saw 3 of its levels.

You collected 94 gold pieces.

Inventory:

Hand Weapons
 a - a +0 long sword
 h - a +0 vorpal mace (weapon)
Armour
 b - a +0 scale mail (worn)
 c - a +0 kite shield (worn)
Potions
 d - a potion of might
 e - a potion of cancellation
 g - a potion of magic
 i - a potion of degeneration {unknown}


   Skills:
 + Level 4.1 Fighting
 + Level 3.2 Long Blades
 + Level 4.2 Armour
 + Level 4.2 Shields


You had 2 spell levels left.
You didn't know any spells.
Your spell library was empty.

Dungeon Overview and Level Annotations

Branches:
Dungeon (3/15)

Altars:
Kikubaaqudgha

Shops:
D:3 [


Innate Abilities, Weirdness & Mutations

You have a pair of horns on your head.
You reflexively headbutt those who attack you in melee.


Message History

Okay, then.
A quokka comes into view.
Found a stone staircase leading up.
You block the quokka's attack.
You hit the quokka. You headbutt the quokka.
You kill the quokka!
Found a stone staircase leading up.
Found 6 gold pieces.
You now have 94 gold pieces (gained 6).
Found a stone staircase leading up.
Found Piynanac's Antique Armour Shoppe.
There is an entrance to Piynanac's Antique Armour Shoppe here.
A sky beast comes into view.
The sky beast hits you but does no damage.
Found 26 gold pieces.
You barely miss the sky beast. The sky beast hits you.
The sky beast shocks you. The sky beast hits you. The sky beast shocks you.
You closely miss the sky beast. Your headbutt misses the sky beast.
The sky beast hits you but does no damage.
You barely miss the sky beast.
The sky beast hits you but does no damage.
You block the sky beast's attack.
You hit the sky beast.
You headbutt the sky beast, but do no damage.
The sky beast is moderately wounded.
The sky beast barely misses you. The sky beast hits you.
The sky beast shocks you.
* * * LOW HITPOINT WARNING * * *
You hit the sky beast but do no damage.
The sky beast is moderately wounded.
The sky beast hits you.
* * * LOW HITPOINT WARNING * * *
The sky beast shocks you.
* * * LOW HITPOINT WARNING * * *
You barely miss the sky beast.
The sky beast is moderately wounded.
The sky beast hits you.
* * * LOW HITPOINT WARNING * * *
The sky beast shocks you.
You die...

#.#........ $#.
#...<...... .#.#
#.#........ .#... ###
#.......... .#... #..
#.#........ $#....#.#
#.#........ ##....#.#
##.#........
....#...#####......#....
......Y@.....∩...#.#....
#.......##########.#....
.#.####.. ... #.#....
.... ....###.####.
......<......†.....
...........#........
.......... #.#.#####
#......#.##. # #.#####
#....##


You could see a sky beast.

Vanquished Creatures
  A worm (D:2)
  3 dart slugs (D:1)
  A bat (D:1)
  4 endoplasms
  8 goblins
  2 hobgoblins
  4 jackals (D:1)
  3 kobolds
  3 quokkas
  3 ball pythons
  6 frilled lizards
  2 rats (D:1)
40 creatures vanquished.

Vanquished Creatures (others)
  4 toadstools (D:1)
4 creatures vanquished.

Grand Total: 44 creatures vanquished

Notes
Turn   | Place    | Note
-------+----------+-------------------------------------------
     0 | D:1      | seveneves the Minotaur Fighter began the quest for the Orb.
     0 | D:1      | Reached XP level 1. HP: 19/19 MP: 0/0
   100 | D:1      | Reached XP level 2. HP: 6/27 MP: 1/1
   360 | D:1      | Reached XP level 3. HP: 14/33 MP: 2/2
   442 | D:2      | Found an ancient bone altar of Kikubaaqudgha.
   995 | D:3      | Found Piynanac's Antique Armour Shoppe.
  1012 | D:3      | Noticed a sky beast
  1020 | D:3      | HP: 1/33 [sky beast (5)]
  1021 | D:3      | Slain by a sky beast

Illustrated notes

Levels and vault maps discovered:
D:1:      ldierk_walled_garden_2, layout_basic, minmay_crystal_room
D:2:      layout_basic, basic_altar
D:3:      layout_basic, amcnicky_altar_gilded, nicolae_ashenzari_panopticon,
          serial_shops, shop, gammafunk_ghost_mausoleum

Skill      XL: |  1  2  3 |
---------------+----------+-----
Fighting       | 4 |  4.1
Armour         | 4 |  4.2
Shields        | 4 |  4.2
Long Blades    | 3 |  3.2

Action                   || total
-------------------------++-------
Melee: Long sword        ||    80
       Headbutt          ||    14
       Mace              ||     7
  Use: Potion            ||     1
       Scroll            ||     4
Armor: Scale mail        ||    47
Dodge: Dodged            ||    30
Block: Kite shield       ||    48
       Rpst.: Long sword ||     7
